[Event "SPICE Cup 2014"]
[Site "St. Louis"]
[Date "2014.10.26"]
[Round "9"]
[White "Preotu, Razvan"]
[Black "Sevian, Samuel"]
[Result "1/2-1/2"]
[ECO "B52"]
[WhiteElo "2405"]
[BlackElo "2484"]
[PlyCount "74"]
[EventDate "2014.??.??"]
[EventCountry "USA"]
[TimeControl "5400+30"]
[WhiteClock "0:15:36"]
[BlackClock "0:09:08"]

1. e4 c5 2. Nf3 d6 3. Bb5+ Bd7 4. Bxd7+ Qxd7 5. O-O Nf6 6. Re1 Nc6 7. c3 e6 8. d4 cxd4 9. cxd4 d5 10. e5 Ne4 11. Nbd2 Nxd2 12. Bxd2 Be7 13. Bg5 O-O 14. Bxe7 Nxe7 15. Qb3 Rfc8 16. Rec1 Rc7 17. Qa3 Rac8 18. b3 b6 19. Qb2 Rc6 20. Kf1 Qc7 21. Rxc6 Qxc6 22. Qd2 h6 23. Rd1 a5 24. h4 Qc2 25. Qxc2 Rxc2 26. Rd2 Rc1+ 27. Ne1 h5 28. g3 f6 29. exf6 gxf6 30. Ke2 Nf5 31. Ng2 Nd6 32. Rd1 Rc6 33.
Rd2 Ne4 34. Rb2 Kf7 35. Nf4 Rc1 36. Nd3 Rc6 37. Nf4 Rc1 1/2-1/2

[Event "SPICE Cup 2014"]
[Site "St. Louis"]
[Date "2014.10.26"]
[Round "9"]
[White "Robson, Ray"]
[Black "Nyzhnyk, Illya"]
[Result "1/2-1/2"]
[ECO "C10"]
[WhiteElo "2628"]
[BlackElo "2613"]
[PlyCount "43"]
[EventDate "2014.??.??"]
[EventCountry "USA"]
[TimeControl "5400+30"]
[WhiteClock "0:21:21"]
[BlackClock "0:57:08"]

1. e4 e6 2. d4 d5 3. Nc3 dxe4 4. Nxe4 Nd7 5. Nf3 Ngf6 6. Nxf6+ Nxf6 7. g3 b6 8. Bb5+ Bd7 9. a4 a6 10. Be2 Bc6 11. O-O Bd6 12. Ne5 Bd5 13.
Bf3 Bxe5 14. dxe5 Bxf3 15. Qxf3 Qd5 16. Qc3 Nd7 17. Bf4 Qc5 18. Qf3 Rd8 19. Rad1 O-O 20. Qe4 Nb8 21. Bg5 Rd5 22. Be3 1/2-1/2

[Event "SPICE Cup 2014"]
[Site "St. Louis"]
[Date "2014.10.26"]
[Round "9"]
[White "Troff, Kayden W"]
[Black "Chandra, Akshat"]
[Result "1/2-1/2"]
[ECO "D05"]
[WhiteElo "2532"]
[BlackElo "2488"]
[PlyCount "66"]
[EventDate "2014.??.??"]
[EventCountry "USA"]
[TimeControl "5400+30"]
[WhiteClock "0:18:49"]
[BlackClock "0:09:29"]

1. d4 Nf6 2. Nf3 d5 3. e3 e6 4. Bd3 c5 5. b3 Nc6 6. O-O Be7 7. Bb2 O-O 8.
dxc5 Bxc5 9. a3 Qe7 10. b4 Bd6 11. Nc3 Rd8 12. Qe2 Ne5 13. Nb5 Nxd3 14. cxd3 Bb8 15. d4 Bd7 16. Ne5 Bxb5 17. Qxb5 Bd6 18. f3 Rdc8 19. Rfc1 h6 20. Kh1 a6 21. Qf1 Bxe5 22. dxe5 Nd7 23. Bd4 Rxc1 24. Rxc1 Qd8 25. Rc3 Rc8 26. Qc1 Rxc3 27. Qxc3 Nb6 28. Bxb6 Qxb6 29. Kg1 Qb5 30. Qc8+ Kh7 31. Qc2+ Kg8 32. Qc8+ Kh7 33. Qc2+ Kg8 1/2-1/2